 Dungeon Crawl Stone Soup version 0.24-a0-136-gad582e5 (console) character file.

Game seed: 15992740063683347337

87 Duffy the Chopper (level 4, 0/39 HPs)
             Began as a Naga Gladiator on Feb 28, 2019.
             Slain by a howler monkey (3 damage)
             ... on level 2 of the Dungeon.
             The game lasted 00:00:54 (2013 turns).

Duffy the Chopper (Naga Gladiator)                  Turns: 2013, Time: 00:00:55

Health: 0/39       AC:  3    Str: 16    XL:     4   Next: 51%
Magic:  13/13      EV: 10    Int:  9    God:
Gold:   56         SH:  0    Dex: 13    Spells: 3/3 levels left

rFire    . . .     SeeInvis +   a - +0 war axe
rCold    . . .     Gourm    .   (no shield)
rNeg     . . .     Faith    .   b - +0 leather armour
rPois    +         Spirit   .   c - +0 helmet
rElec    .         Reflect  .   (no cloak)
rCorr    .         Harm     .   (no gloves)
MR       .....                  (no barding)
Stlth    +.........             (no amulet)
HPRegen  0.13/turn              i - ring of magical power
MPRegen  0.13/turn              (no ring)

@: very slow
A: large, see invisible, deformed body, poison resistance, slowness 2, slow
metabolism 1, spit poison 1, AC +1
a: Spit Poison


You were on level 2 of the Dungeon.
You were not hungry.

You visited 1 branch of the dungeon, and saw 2 of its levels.

You collected 56 gold pieces.

Inventory:

Hand Weapons
 a - a +0 war axe (weapon)
Missiles
 d - 3 throwing nets (quivered)
Armour
 b - a +0 leather armour (worn)
 c - a +0 helmet (worn)
Jewellery
 i - a ring of magical power (left hand)
Scrolls
 e - 2 scrolls of teleportation {unknown}
 h - a scroll of remove curse {unknown}
 j - 2 scrolls of enchant armour {unknown}
 m - a scroll of magic mapping {unknown}
Potions
 g - a potion of degeneration {unknown}
 k - a potion of mutation {unknown}
 l - a potion of cancellation {unknown}
Comestibles
 f - 3 rations
 n - a chunk of flesh


   Skills:
 - Level 2.0 Fighting
 + Level 5.1 Axes
 - Level 1.7 Throwing
 - Level 2.4 Dodging


You had 3 spell levels left.
You didn't know any spells.
Your spell library was empty.

Dungeon Overview and Level Annotations

Branches:
Dungeon (2/15)

Altars:


Innate Abilities, Weirdness & Mutations

You cannot wear boots.
Your serpentine skin is tough. (AC +1)
You have supernaturally acute eyesight. (SInv)
Armour fits poorly on your strangely shaped body.
Your system is resistant to poisons. (rPois)
You cover ground very slowly.
You have a slow metabolism.
You can spit poison.


Message History

You are too injured to fight recklessly!
You are too injured to fight recklessly!
You are too injured to fight recklessly!
You barely miss the howler monkey. The howler monkey hits you.
You closely miss the howler monkey. The howler monkey hits you!
The howler monkey barely misses you.
Press: ? - help, Shift-Dir - straight line, f - howler monkey
Aim: a howler monkey The splash of poison hits the howler monkey!
The howler monkey is heavily wounded.
You feel slightly more hungry. The howler monkey barely misses you.
You hit the howler monkey.
The howler monkey is severely wounded.
The howler monkey hoots and howls with incredible vigour!
The howler monkey hits you but does no damage.
You barely miss the howler monkey.
The howler monkey is severely wounded.
You have got your breath back.
The howler monkey hits you.
You die...

###########.....
#........##.....
##########........##.....
?.......##...............
...)....##.........#..(..
........# #........###.##
........# #.........##...
..$.....###...%.....#####
......h@.............)...
.............#...........
.............####........
#####........# ######.#.
#........# ###.#.
#.>......# #...##
..........# #.####
...######## #..<# ..
###.##


You could see a howler monkey.

Vanquished Creatures
  A jelly (D:2)
  2 adders (D:2)
  An ooze (D:2)
  A worm (D:2)
  2 giant cockroaches (D:1)
  4 goblins
  6 hobgoblins
  4 bats (D:1)
  3 frilled lizards
  5 kobolds (D:1)
  A leopard gecko zombie (D:2)
  5 rats
35 creatures vanquished.

Notes
Turn   | Place    | Note
-------+----------+-------------------------------------------
     0 | D:1      | Duffy the Naga Gladiator began the quest for the Orb.
     0 | D:1      | Reached XP level 1. HP: 19/19 MP: 1/1
   417 | D:1      | Reached XP level 2. HP: 26/26 MP: 2/2
   964 | D:1      | Reached skill level 4 in Axes
  1250 | D:1      | Reached XP level 3. HP: 32/32 MP: 3/3
  1962 | D:2      | Reached skill level 5 in Axes
  1962 | D:2      | Reached XP level 4. HP: 34/39 MP: 4/4
  2013 | D:2      | Slain by a howler monkey

Levels and vault maps discovered:
D:1:      lemuel_arrival_funnel, layout_loops_ring
D:2:      layout_basic, corexii_hall_statues_u

Skill      XL: |  1  2  3 |
---------------+----------+-----
Axes           | 4 5 |  5.1
Fighting       | |  2.0
Throwing       | |  1.7
Dodging        | |  2.4

Action                   |  1- 3 |  4- 6 || total
-------------------------+-------+-------++-------
Melee: War axe           |    86 |     9 ||    95
 Abil: Spit Poison       |     1 |     1 ||     2
  Eat: Chunk             |     2 |       ||     2
Armor: Leather armour    |    32 |     3 ||    35
Dodge: Dodged            |    55 |     2 ||    57

Table legend:
 A = Non-vault XP
 B = Vault XP
 C = Vault XP percentage of total XP
 D = Non-vault monster count
 E = Vault monster count
 F = Vault count percentage of total count
                 A         B        C        D         E       F
            +---------+---------+-------+---------+---------+-------
      Total |     125 |       0 |   0.0 |      35 |       0 |   0.0
            +---------+---------+-------+---------+---------+-------
        D:1 |      34 |       0 |   0.0 |      24 |       0 |   0.0
        D:2 |      91 |       0 |   0.0 |      11 |       0 |   0.0
            +---------+---------+-------+---------+---------+-------
